 Dungeon Crawl Stone Soup version 0.20.1-1-g8b1a95d (webtiles) character file.

154 vishdafish the Skirmisher (level 5, -10/41 HPs)
             Began as a Demonspawn Fighter on July 3, 2017.
             Killed from afar by Ijyb (20 damage)
             ... with a wand of acid (?/15)
             ... on level 2 of the Dungeon.
             The game lasted 00:03:23 (1843 turns).

vishdafish the Skirmisher (Demonspawn Fighter)      Turns: 1843, Time: 00:03:24

Health: -10/41     AC:  5    Str: 17    XL:     5   Next: 13%
Magic:  5/5        EV:  7    Int: 10    God:
Gold:   43         SH:  9    Dex: 12    Spells: 4/4 levels left

rFire    . . .     SeeInvis .   h - +4 spear
rCold    . . .     Gourm    .   c - +0 shield
rNeg     . . .     Faith    .   b - +0 scale mail
rPois    .         Spirit   .   (no helmet)
rElec    .         Reflect  .   (no cloak)
rCorr    .         Harm     .   (no gloves)
MR       .....                  (no boots)
Stlth    ..........             (no amulet)
Regen    0.2/turn               (no ring)
MPRegen  0.1/turn               (no ring)

@: corroded
A: thin metallic scales 2, powered by death 1
a: no special abilities


You were on level 2 of the Dungeon.
You were very hungry.

You visited 1 branch of the dungeon, and saw 3 of its levels.

You collected 43 gold pieces.

Inventory:

Hand Weapons
 a - a +0 trident
 h - a +4 spear (weapon)
Armour
 b - a +0 scale mail (worn)
 c - a +0 shield (worn)
Scrolls
 k - a scroll of amnesia {unknown}
 l - a scroll of teleportation {unknown}
 m - a scroll of fog {unknown}
Potions
 d - a potion of might
 e - a potion of lignification {unknown}
 g - a potion of haste {unknown}
 j - a potion of ambrosia {unknown}
Comestibles
 f - 6 bread rations
 i - a meat ration


   Skills:
 + Level 3.6 Fighting
 + Level 3.1 Polearms
 + Level 3.4 Armour
 + Level 0.6 Dodging
 + Level 0.2 Stealth
 + Level 3.2 Shields


You had 4 spell levels left.
You didn't know any spells.

Dungeon Overview and Level Annotations

Branches:
Dungeon (3/15)

Altars:
Ashenzari
Qazlal

Annotations:
D:2 Ijyb


Innate Abilities, Weirdness & Mutations

You are mostly covered in thin metallic scales. (AC +3)
You regenerate a little health from kills.


Message History

Your demonic ancestry asserts itself...
A wave of death washes over you. You block Ijyb's attack.
There is a stone staircase leading up here.
You block Ijyb's attack.
You climb upwards.
There is a stone staircase leading down here.
You closely miss Ijyb. You block Ijyb's attack.
You closely miss Ijyb.
Ijyb screams, "It's all mine!"
Ijyb completely misses you.
You hit Ijyb but do no damage.
Ijyb zaps a wand.
The bolt of acid hits you! The acid corrodes you!
You are splashed with acid!
The acid burns!
* * * LOW HITPOINT WARNING * * *
It is a wand of acid (?/15).
Okay, then.
Okay, then.
Okay, then.
Ijyb zaps a wand.
The bolt of acid hits you!
You die...

######## #......#####
#.####.....#
#####.####.###.#
#......#.)...#.######
#(###..#.#>#.#.##...#
#.###..#.#g#......#.#
#.##........@..##...#
#.##.#.##########...###
#......# #.<...#
##.....# #...#.#
##.....# ############.#
#......# #....(#
####.#### ###.#....#
#.....###...†...#
#...#...##
#......##.##.##.#
#.#####.#
#......##.##.##.#


You could see Ijyb.

Vanquished Creatures
  An orc priest (D:3)
  2 orc wizards (D:3)
  An adder (D:2)
  An ooze (D:1)
  A worm (D:3)
  2 dart slugs (D:2)
  2 leopard geckos (D:2)
  An orc (D:3)
  4 bats
  A giant cockroach (D:2)
  4 goblins
  6 hobgoblins
  8 jackals
  8 kobolds
  2 ball pythons (D:1)
  2 frilled lizards
  6 rats
52 creatures vanquished.

Notes
Turn   | Place    | Note
-------+----------+-------------------------------------------
     0 | D:1      | vishdafish the Demonspawn Fighter began the quest for the Orb.
     0 | D:1      | Reached XP level 1. HP: 18/18 MP: 1/1
   129 | D:1      | Gained mutation: You are partially covered in thin metallic scales. (AC +2) [demonic ancestry]
   129 | D:1      | Reached XP level 2. HP: 18/24 MP: 2/2
   199 | D:1      | Found a shattered altar of Ashenzari.
   473 | D:1      | Reached XP level 3. HP: 28/29 MP: 3/3
   985 | D:2      | Found a stormy altar of Qazlal.
  1408 | D:3      | Gained mutation: You are mostly covered in thin metallic scales. (AC +3) [demonic ancestry]
  1408 | D:3      | Reached XP level 4. HP: 31/35 MP: 4/4
  1557 | D:3      | Noticed Ijyb
  1834 | D:3      | Gained mutation: You regenerate a little health from kills. [demonic ancestry]
  1834 | D:3      | Reached XP level 5. HP: 29/41 MP: 5/5
  1843 | D:2      | Killed from afar by Ijyb

Skill      XL: |  1  2  3  4 |
---------------+-------------+-----
Armour         | 3 |  3.4
Polearms       | 2 3 |  3.1
Shields        | 3 |  3.2
Fighting       | |  3.6
Dodging        | |  0.6
Stealth        | |  0.2

Action                   |  1- 3 |  4- 6 || total
-------------------------+-------+-------++-------
Melee: Spear             |   102 |    41 ||   143
       Trident           |    11 |       ||    11
  Use: Scroll            |     2 |       ||     2
  Eat: Chunk             |     1 |     1 ||     2
Armor: Scale mail        |    38 |    10 ||    48
Dodge: Dodged            |    19 |    17 ||    36
Block: Shield            |    42 |    19 ||    61
